 Dungeon Crawl Stone Soup version 0.19-a0-1307-g863a663 (webtiles) character file.

31186 Gorfmaster the Bludgeoner (level 13, -4/79 HPs)
             Began as a Gargoyle Berserker on Aug 19, 2016.
             Was the Champion of Trog.
             Slain by a spiny frog (13 damage)
             ... on level 4 of the Lair of Beasts on Aug 30, 2016.
             The game lasted 02:26:51 (17262 turns).

Gorfmaster the Bludgeoner (Gargoyle Berserker)     Turns: 17262, Time: 02:26:51

Health: -4/79      AC: 29    Str: 29    XL:     13   Next: 56%
Magic:  13/13      EV:  8    Int:  8    God:    Trog [******]
Gold:   588        SH:  3    Dex:  9    Spells: 0 memorised, 12 levels left

rFire  . . .     SeeInvis +     u - +4 great mace (holy)
rCold  . . .     Gourm    .     q - +0 plate armour
rNeg   + + .     Faith    .     (shield currently unavailable)
rPois  ∞         Spirit   .     r - +2 helmet
rElec  +         Dismiss  .     M - +0 cloak
rCorr  .         Reflect  +     X - +0 pair of gloves
MR     +....     Harm     .     (no boots)
Stlth  ..........               A - +3 amulet of reflection
                                B - ring of protection from magic
                                G - ring "Ofa Zapp" {Wiz rElec rN+ Str+3 SInv}

@: no status effects
A: negative energy resistance 1, electricity resistance, unbreathing,
petrification resistance, rot immunity, AC +9
a: Berserk, Trog's Hand, Brothers in Arms, Burn Spellbooks, Renounce Religion


You were on level 4 of the Lair of Beasts.
You worshipped Trog.
Trog was exalted by your worship.
You were near starving.

You visited 2 branches of the dungeon, and saw 16 of its levels.

You collected 588 gold pieces.

Inventory:

Hand Weapons
 u - a +4 great mace of holy wrath (weapon)
 E - a +2 dire flail
 O - the +1 great mace of Grandeur {crush, +Fly}
   (Trog gifted it to you on level 1 of the Lair of Beasts)

   It inflicts extra damage upon your enemies.
   It lets you fly.
Armour
 q - a +0 plate armour (worn)
 r - a +2 helmet (worn)
 K - a +0 shield
 M - a +0 cloak (worn)
 X - a +0 pair of gloves (worn)
Jewellery
 m - an uncursed ring of resist corrosion
 s - an uncursed ring of protection from cold
 A - a +3 amulet of reflection (around neck)
 B - a ring of protection from magic (right hand)
 C - an uncursed ring of protection from cold
 G - the ring "Ofa Zapp" (left hand) {Wiz rElec rN+ Str+3 SInv}
   (You found it on level 11 of the Dungeon)

   [ring of wizardry]

   It improves your spell success rate.
   It affects your strength (+3).
   It insulates you from electricity.
   It protects you from negative energy.
   It lets you see invisible.
Wands
 b - a wand of iceblast (11/15)
 e - a wand of slowing (48/48)
 o - a wand of acid (5/15)
 y - a wand of iceblast (6/15)
 J - a wand of flame (19/48)
 L - a wand of enslavement (11/24)
 R - a wand of iceblast (8/15)
 S - a wand of paralysis (10/24)
 T - a wand of lightning (7/15)
 V - a wand of flame (6/48)
 Y - a wand of teleportation (3/9)
Scrolls
 a - 3 scrolls of magic mapping
 h - 3 scrolls of remove curse
 z - 4 scrolls of fog
 D - 2 scrolls of enchant armour
 I - 3 scrolls of teleportation
 P - a scroll of blinking
 W - a scroll of recharging
Potions
 d - a potion of curing
 f - a potion of haste
 j - a potion of invisibility
 k - 4 potions of berserk rage
 n - 8 potions of heal wounds
 p - 2 potions of magic
 t - a potion of brilliance
 w - a potion of flight
 x - a potion of might
 F - 2 potions of cancellation
 U - a potion of mutation {unknown}
Books
 i - a book of Geomancy

   Spells                             Type                      Level
   a - Sandblast                      Earth                        1
   b - Passwall                       Transmutation/Earth          2
   c - Stone Arrow                    Conjuration/Earth            3
   d - Petrify                        Transmutation/Earth          4
   e - Lee's Rapid Deconstruction     Earth                        5
   Trog disapproves of the use of such an item.
 Q - a book of the Dragon

   Spells                             Type                      Level
   a - Flame Tongue                   Conjuration/Fire             1
   b - Cause Fear                     Hexes                        4
   c - Bolt of Fire                   Conjuration/Fire             6
   d - Dragon Form                    Transmutation                7
   e - Dragon's Call                  Summoning                    9
   Trog disapproves of the use of such an item.
Miscellaneous
 N - a fan of gales
Comestibles
 c - 12 bread rations
 g - 4 beef jerkies
 l - 3 meat rations
 v - 8 royal jellies
 H - 3 fruits
 Z - 4 chunks of flesh


   Skills:
 + Level 8.7 Fighting
 + Level 19.0 Maces & Flails
 + Level 8.1 Armour
 - Level 1.8 Dodging


You had 12 spell levels left.
You didn't know any spells.

Dungeon Overview and Level Annotations

Branches:
Dungeon (12/15)            Temple (0/1) D:7            Lair (4/6) D:8
  Swamp (0/4) Lair:4        Snake (0/4) Lair:3          Orc (0/2) D:12

Altars:
Ashenzari
Dithmenos
Elyvilon
Fedhas
Nemelex Xobeh
Qazlal
Ru
Uskayaw
Vehumet
Xom
Yredelemnul
Zin
The Shining One

Shops:
D:6 *   D:11 }   D:12 *

Annotations:
D:7 exclusion: statue


Innate Abilities, Weirdness & Mutations

You are resistant to torment.
Your stone body is resilient. (AC +9)
You are immune to poison.
You resist negative energy. (rN+)
You are resistant to electric shocks. (rElec)
You can survive without breathing.
You are immune to petrification.
You are immune to rotting.


Message History

The crocodile is heavily wounded.
The crocodile bites you but does no damage.
A spiny frog comes into view.
You barely miss the crocodile.
The crocodile is heavily wounded.
The spiny frog moves out of view.
You block the crocodile's attack.
You bludgeon the crocodile!!
You kill the crocodile!
Trog accepts your kill.
You see here a wolf corpse.
You butcher the wolf corpse.
You see here 4 chunks of flesh.
Z - 4 chunks of flesh You start eating one of the 4 chunks of flesh.
Keep eating?
You stop eating.
You are too injured to fight recklessly!
You are too injured to fight recklessly!
You closely miss the spiny frog. The spiny frog stings you!
You die...

## ... .... #
..... #..
####.<..<.
.....##@†.......
.......F#.......
..).............
#...............
##...###........
#..## ......##
.#. ...#...# .
.P.#.... ...# ##


You could see a spiny frog.

Vanquished Creatures
  2 hydras
  2 death yaks (Lair:4)
  The ghost of mhoghedin the Transmogrifier, a novice NaTm of Okawaru (D:8)
  Urug (Lair:3)
  2 hill giants
  The ghost of JuicyBBC the Thaumaturge, a novice OpCj of Vehumet (D:9)
  An unseen horror (D:11)
  An ugly thing (D:12)
  3 elephants (Lair:3)
  A black mamba (Lair:1)
  Joseph (D:7)
  Psyche (D:9)
  3 spiny frogs
  A gargoyle (D:9)
  3 komodo dragons
  4 trolls
  14 blink frogs
  2 two-headed ogres (D:10)
  A shadow (D:9)
  26 yaks
  2 basilisks
  A hungry ghost (D:10)
  7 hippogriffs
  4 insubstantial wisps (Lair:4)
  Menkaure (D:5)
  19 water moccasins
  3 porcupines
  3 ice beasts
  2 sky beasts
  A black bear (Lair:2)
  An eye of draining (D:8)
  4 orc warriors
  The ghost of AHG1COBRA the Skirmisher, an amateur MiBe of Trog (D:3)
  2 phantoms
  A wasp (D:9)
  4 ogres (D:12)
  23 wolves
  9 centaurs
  10 crocodiles
  4 big kobolds
  12 giant frogs
  5 gnoll sergeants
  2 scorpions
  8 killer bees
  5 howler monkeys
  6 wights
  6 crimson imps
  A quasit (D:7)
  A centaur zombie (D:7)
  7 hounds
  4 jellies
  6 orc priests
  A centaur skeleton (D:12)
  9 orc wizards
  5 iguanas
  7 hell rats (Lair:4)
  6 worker ants
  A hound zombie (D:5)
  A hound skeleton (D:9)
  2 worker ant zombies
  14 gnolls
  9 river rats
  14 adders
  A shadow imp (D:10)
  8 oozes
  An adder zombie (D:8)
  An adder skeleton (D:7)
  2 worms (D:2)
  A dart slug (D:1)
  3 giant geckos
  41 orcs
  5 giant cockroaches
  7 goblins
  8 hobgoblins
  14 jackals
  2 quokkas
  2 bats (D:2)
  A giant cockroach zombie (D:5)
  4 giant newts
  A jackal zombie (D:8)
  14 kobolds
  7 rats
  A plant (Lair:2)
429 creatures vanquished.

Vanquished Creatures (others)
  2 fungi
2 creatures vanquished.

Grand Total: 431 creatures vanquished

Notes
Turn   | Place    | Note
-------+----------+-------------------------------------------
     0 | D:1      | Gorfmaster the Gargoyle Berserker began the quest for the Orb.
     0 | D:1      | Reached XP level 1. HP: 14/14 MP: 1/1
    96 | D:1      | Reached XP level 2. HP: 14/19 MP: 2/2
   651 | D:1      | Reached XP level 3. HP: 20/23 MP: 3/3
  1062 | D:2      | Reached skill level 4 in Maces & Flails
  1086 | D:2      | Reached XP level 4. HP: 23/28 MP: 4/4
  1536 | D:2      | Found a blossoming altar of Fedhas.
  1542 | D:2      | Reached ** piety under Trog
  1816 | D:3      | Noticed AHG1COBRA's ghost (amateur MiBe)
  1831 | D:3      | HP: 1/42 [AHG1COBRA's ghost (7)]
  1834 | D:3      | Killed AHG1COBRA's ghost
  1834 | D:3      | Reached skill level 5 in Maces & Flails
  1834 | D:3      | Reached XP level 5. HP: 2/32 MP: 5/5
  2862 | D:3      | Found a hide-covered altar of Uskayaw.
  2983 | D:4      | Reached skill level 6 in Maces & Flails
  2983 | D:4      | Reached XP level 6. HP: 33/37 MP: 6/6
  3537 | D:4      | Reached skill level 7 in Maces & Flails
  3941 | D:5      | Entered Level 5 of the Dungeon
  3994 | D:5      | Noticed a phantom
  4014 | D:5      | Noticed an ice beast
  4027 | D:5      | Killed a phantom
  4027 | D:5      | Reached XP level 7. HP: 16/41 MP: 7/7
  4033 | D:5      | Reached skill level 8 in Maces & Flails
  4425 | D:5      | Noticed Menkaure
  4434 | D:5      | Killed Menkaure
  4434 | D:5      | Reached skill level 9 in Maces & Flails
  4434 | D:5      | Reached XP level 8. HP: 29/46 MP: 8/8
  4534 | D:5      | Reached *** piety under Trog
  4991 | D:6      | Found Ramuzat's General Store.
  5031 | D:6      | Found a white marble altar of Elyvilon.
  5162 | D:6      | Found a glowing silver altar of Zin.
  5323 | D:6      | Found a shimmering altar of Xom.
  5326 | D:6      | Found a shattered altar of Ashenzari.
  5330 | D:6      | Found a sacrificial altar of Ru.
  5609 | D:6      | Reached skill level 10 in Maces & Flails
  6051 | D:7      | Found a radiant altar of Vehumet.
  6100 | D:7      | Found a staircase to the Ecumenical Temple.
  6408 | D:7      | Noticed Joseph
  6428 | D:7      | Killed Joseph
  6428 | D:7      | Reached skill level 11 in Maces & Flails
  6720 | D:8      | Reached XP level 9. HP: 51/51 MP: 9/9
  6843 | D:8      | Found a staircase to the Lair.
  6916 | D:8      | Reached skill level 12 in Maces & Flails
  7061 | D:8      | Found a glowing golden altar of the Shining One.
  7330 | D:8      | Found a basalt altar of Yredelemnul.
  7332 | D:8      | Noticed a profane servitor
  7645 | D:8      | Noticed mhoghedin's ghost (novice NaTm)
  7645 | D:8      | Upgraded the game from 0.19-a0-1200-g056e253 to 0.19-a0-1223-gf83d13a
  7795 | D:8      | Killed mhoghedin's ghost
  7795 | D:8      | Reached skill level 13 in Maces & Flails
  7919 | D:8      | Reached **** piety under Trog
  7936 | D:8      | Reached XP level 10. HP: 33/56 MP: 10/10
  8173 | D:8      | Upgraded the game from 0.19-a0-1223-gf83d13a to 0.19-a0-1242-g4634998
  8228 | D:8      | Found a sparkling altar of Nemelex Xobeh.
  8509 | D:8      | Noticed an angel
  8540 | D:8      | Upgraded the game from 0.19-a0-1242-g4634998 to 0.19-a0-1307-g863a663
  8626 | D:9      | Noticed a gargoyle
  8642 | D:9      | Noticed JuicyBBC's ghost (novice OpCj)
  8767 | D:9      | Killed JuicyBBC's ghost
  8767 | D:9      | Reached skill level 14 in Maces & Flails
  8969 | D:9      | Noticed Psyche
  8980 | D:9      | Killed Psyche
  8980 | D:9      | Reached skill level 15 in Maces & Flails
  9003 | D:9      | Killed a gargoyle
  9314 | D:10     | Entered Level 10 of the Dungeon
  9426 | D:10     | Reached XP level 11. HP: 58/60 MP: 11/11
  9497 | D:10     | Reached ***** piety under Trog
  9930 | D:10     | Reached skill level 16 in Maces & Flails
 10724 | D:11     | Killed an unseen horror
 10858 | D:11     | Got a scorched bone ring
 10860 | D:11     | Identified the ring "Ofa Zapp" {Wiz rElec rN+ Str+3 SInv} (You found it on level 11 of the Dungeon)
 10974 | D:11     | Noticed a seven-headed hydra
 10985 | D:11     | Killed a seven-headed hydra
 11186 | D:11     | Noticed a hill giant
 11203 | D:11     | Killed a hill giant
 11270 | D:11     | Found a stormy altar of Qazlal.
 11312 | D:11     | Found Dauv's Gadget Emporium.
 11632 | D:12     | Found Keuwuh's Assorted Antiques.
 11737 | D:12     | Reached skill level 17 in Maces & Flails
 12342 | D:12     | Found a staircase to the Orcish Mines.
 12381 | D:12     | Reached XP level 12. HP: 53/64 MP: 12/12
 12893 | D:12     | Reached skill level 18 in Maces & Flails
 13169 | Lair:1   | Entered Level 1 of the Lair of Beasts
 13210 | Lair:1   | Noticed a five-headed hydra
 13227 | Lair:1   | Killed a five-headed hydra
 13227 | Lair:1   | Received a gift from Trog
 13228 | Lair:1   | Got a faintly glowing great mace {god gift}
 13399 | Lair:1   | Identified the +1 great mace of Grandeur {crush, +Fly} (Trog gifted it to you on level 1 of the Lair of Beasts)
 13792 | Lair:1   | Reached skill level 5 in Fighting
 13849 | Lair:1   | Found a shadowy altar of Dithmenos.
 14582 | Lair:2   | Reached skill level 5 in Armour
 15686 | Lair:3   | Noticed Urug
 15706 | Lair:3   | Killed Urug
 15817 | Lair:3   | Found a staircase to the Snake Pit.
 15887 | Lair:3   | Reached XP level 13. HP: 68/76 MP: 13/13
 16363 | Lair:3   | Reached ****** piety under Trog
 16590 | Lair:3   | Received a gift from Trog
 16993 | Lair:4   | Found a staircase to the Swamp.
 17254 | Lair:4   | Reached skill level 19 in Maces & Flails
 17262 | Lair:4   | Slain by a spiny frog

Vault maps used:
D:1:      erik_arrival_gehennom
D:2:      fedhas_altar_fruit_tree
D:3:      overflow_temple_1_default
D:5:      first_bread, serial_park_tiny_1, kennysheep_small_circle,
          uniq_menkaure
D:6:      zin_academy, grunt_temple_overflow_open, serial_shops, kennysheep_mini
D:7:      vehumet_statue, columned_hall_lemuel, uniq_joseph
D:8:      grunt_temple_overflow_holy_war, nicolae_overflow_hidden_temple,
          lair_0_dummy, serial_co_window_serial, co_window_of_opportunity_a,
          co_window_corner_a, co_window_corner_a, co_window_corner_a,
          co_window_paths_b, co_window_unsneaky_path_c,
          co_window_of_opportunity_c, co_window_corner_cb, co_window_corner_b,
          glass_columns_a, glass_columns_c
D:9:      uniq_psyche
D:10:     hangedman_little_slice_of_home
D:11:     serial_shops, shop, grunt_qazlal_clouds
D:12:     kennysheep_orc_monster_closet_entryway, serial_shops,
          nicolae_shop_window_shopping
Lair:1:   basic_altar, beast_lair_carwin_9, lemuel_fruit_fields
Lair:2:   pond
Lair:3:   minmay_snake_entry_six_corridors, st_stairs_10, beast_lair_carwin_6,
          infiniplex_staircase_pool, uniq_urug
Lair:4:   minmay_swamp_entry_wisps

Skill      XL: |  1  2  3  4  5  6  7  8  9 10 11 12 13 |
---------------+----------------------------------------+-----
Maces & Flails | 4 5 6 7 9 11 13 15 17 18 19 | 19.0
Fighting       | 6 8 |  8.7
Armour         | 6 8 |  8.1
Dodging        | |  1.8

Action                   |  1- 3 |  4- 6 |  7- 9 | 10-12 | 13-15 || total
-------------------------+-------+-------+-------+-------+-------++-------
Melee: Mace              |    87 |   135 |   116 |   113 |       ||   451
       Flail             |       |    65 |   215 |       |       ||   280
       Whip              |       |       |    84 |       |       ||    84
       Dire flail        |       |       |       |   611 |       ||   611
       Great mace        |       |       |       |   304 |   241 ||   545
Invok: Berserk           |       |     3 |     4 |     6 |       ||    13
       Trog's Hand       |       |       |     3 |     5 |     1 ||     9
  Use: Scroll            |       |     4 |    19 |     7 |     2 ||    32
       Potion            |       |     1 |     1 |     1 |     4 ||     7
 Stab: Sleeping          |     1 |       |       |       |       ||     1
  Eat: Chunk             |     1 |     2 |     9 |    31 |     3 ||    46
       Pizza             |       |     2 |       |       |       ||     2
       Fruit             |       |     8 |       |       |       ||     8
       Meat ration       |       |       |     2 |       |       ||     2
       Beef jerky        |       |       |     1 |       |       ||     1
       Royal jelly       |       |       |       |     2 |       ||     2
Armor: Robe              |    19 |     7 |       |       |       ||    26
       Animal skin       |     1 |       |       |       |       ||     1
       Leather armour    |       |    46 |       |       |       ||    46
       Chain mail        |       |    89 |   197 |       |       ||   286
       Plate armour      |       |       |    26 |   672 |   217 ||   915
Dodge: Dodged            |    64 |    95 |   120 |   304 |   108 ||   691
Block: Other             |       |       |       |    74 |    36 ||   110
       Reflection        |       |       |       |     4 |       ||     4
